 Dungeon Crawl Stone Soup version 0.21.1-1-g345015f (webtiles) character file.

523 inc the Shield-Bearer (level 7, -6/46 HPs)
             Began as an Octopode Fighter on June 11, 2018.
             Shot with an arrow by a centaur (8 damage)
             ... on level 5 of the Dungeon.
             The game lasted 00:05:56 (3918 turns).

inc the Shield-Bearer (Octopode Fighter)            Turns: 3918, Time: 00:05:56

Health: -6/46      AC:  1    Str: 15    XL:     7   Next: 22%
Magic:  7/7        EV: 12    Int: 12    God:
Gold:   255        SH: 12    Dex: 12    Spells: 6/6 levels left

rFire    + . .     SeeInvis .   k - +0 mace (curse)
rCold    + . .     Gourm    .   b - +2 shield
rNeg     . . .     Faith    .   (helmet restricted)
rPois    +         Spirit   .   (no amulet)
rElec    +         Reflect  .   i - ring of resist corrosion
rCorr    +         Harm     .   r - ring of teleportation (curse)
MR       .....     Rnd*Tele +   (no ring)
Stlth    ++........             (no ring)
HPRegen  0.15/turn              (no ring)
MPRegen  0.10/turn              (no ring)
                                (no ring)
                                (no ring)

@: resistant
A: almost no armour, stealthy swim, amphibious, 8 rings, constrict 8, camouflage
1, gelatinous body 1
a: no special abilities


You were on level 5 of the Dungeon.
You were hungry.

You visited 1 branch of the dungeon, and saw 5 of its levels.

You collected 255 gold pieces.

Inventory:

Hand Weapons
 a - a +0 flail
 k - a cursed +0 mace (weapon)
Armour
 b - a +2 shield (worn)
Jewellery
 i - a ring of resist corrosion (left tentacle)
 r - a cursed ring of teleportation (right tentacle)
Wands
 p - a wand of iceblast (12)
 q - a wand of paralysis (18)
Scrolls
 f - a scroll of enchant weapon
 h - 3 scrolls of teleportation
 m - a scroll of amnesia {unknown}
 o - a scroll of noise
Potions
 c - a potion of might
 e - 2 potions of degeneration
 g - 3 potions of berserk rage
 l - 2 potions of magic
 n - a potion of haste
Comestibles
 d - 3 rations


   Skills:
 - Level 3.0 Fighting
 + Level 5.5 Maces & Flails
 - Level 3.0 Dodging
 + Level 6.0 Shields


You had 6 spell levels left.
You didn't know any spells.

Dungeon Overview and Level Annotations

Branches:
Dungeon (5/15)
 Temple: D:4-7

Altars:
Okawaru

Annotations:
D:5 1 transporter


Innate Abilities, Weirdness & Mutations

You cannot wear most types of armour.
You are very stealthy in the water. (Stealth+)
You are amphibious.
You can wear up to eight rings at the same time.
You can use your tentacles to constrict eight enemies at once.
Your skin changes colour to match your surroundings (Stealth+).
Your rubbery body absorbs attacks. (AC +1, EV +1)


Message History

You are too injured to fight recklessly!
Unknown command.
The centaur shoots an arrow.
The arrow hits you!
* * * LOW HITPOINT WARNING * * *
You see here an arrow.
A worker ant comes into view.
The worker ant twitches its antennae in your direction.
The centaur shoots an arrow.
You block the arrow.
The centaur shoots an arrow.
The arrow hits you!
* * * LOW HITPOINT WARNING * * *
Found a transporter.
You see here an arrow.
Okay, then.
The adder hisses angrily.
The centaur shoots an arrow.
You block the arrow.
You see here an arrow.
It was a potion of resistance.
You feel protected.
The centaur shoots an arrow.
The arrow hits you!
You die...

#########.#######.
###.........# ##.
#..........## ##..
#.#.######.######...
#.....##..........
#(###.###.####....
#(# #.# #.#.. #(#
#.# #.##. #@# #.#
#.##. #...# #.#
#.##. ....cS# #.#
#.### #...a.... #..
... #...#.##. #..
..©... .# ###### ..
P.©.P8 ..


You could see a centaur, a worker ant and an adder.

Vanquished Creatures
  An ogre (D:5)
  A crimson imp (D:5)
  An orc wizard (D:3)
  An iguana (D:3)
  2 worker ants
  The ghost of Iko the Bolt Thrower, a weakling HaHu (D:4)
  7 gnolls (D:3)
  6 adders
  A shadow imp (D:5)
  An ooze (D:2)
  An adder zombie (D:5)
  2 worms
  6 dart slugs
  6 leopard geckos
  9 orcs
  5 giant cockroaches
  10 goblins
  11 hobgoblins
  12 jackals
  A quokka (D:4)
  2 ball pythons
  12 bats
  7 frilled lizards
  12 kobolds
  A leopard gecko zombie (D:5)
  14 rats
133 creatures vanquished.

Vanquished Creatures (others)
  A plant (D:2)
1 creature vanquished.

Grand Total: 134 creatures vanquished

Notes
Turn   | Place    | Note
-------+----------+-------------------------------------------
     0 | D:1      | inc the Octopode Fighter began the quest for the Orb.
     0 | D:1      | Reached XP level 1. HP: 16/16 MP: 1/1
    63 | D:1      | Reached XP level 2. HP: 18/21 MP: 2/2
   208 | D:1      | Reached XP level 3. HP: 17/26 MP: 3/3
  1089 | D:2      | Reached skill level 4 in Shields
  1089 | D:2      | Reached XP level 4. HP: 26/31 MP: 4/4
  2057 | D:2      | Reached XP level 5. HP: 30/36 MP: 5/5
  2696 | D:3      | Reached skill level 5 in Shields
  2771 | D:3      | Reached XP level 6. HP: 36/42 MP: 6/6
  3377 | D:4      | Noticed Iko's ghost (weakling HaHu)
  3397 | D:4      | Killed Iko's ghost
  3546 | D:4      | Reached skill level 5 in Maces & Flails
  3671 | D:4      | Found an iron altar of Okawaru.
  3728 | D:4      | Noticed a hippogriff
  3734 | D:5      | Entered Level 5 of the Dungeon
  3873 | D:5      | Reached skill level 6 in Shields
  3873 | D:5      | Reached XP level 7. HP: 45/46 MP: 7/7
  3916 | D:5      | Found a transporter.
  3916 | D:5      | HP: 2/46 [centaur/arrow (10)]
  3918 | D:5      | Shot with an arrow by a centaur

Skill      XL: |  1  2  3  4  5  6 |
---------------+-------------------+-----
Maces & Flails | 3 4 5 |  5.5
Shields        | 4 5 6 |  6.0
Fighting       | |  3.0
Dodging        | |  3.0

Action                   |  1- 3 |  4- 6 |  7- 9 || total
-------------------------+-------+-------+-------++-------
Melee: Flail             |    71 |       |       ||    71
       Constrict         |    20 |    60 |     2 ||    82
       Tentacles         |    16 |    44 |     2 ||    62
       Mace              |     2 |   227 |     4 ||   233
  Use: Scroll            |     2 |    10 |       ||    12
       Potion            |       |       |     1 ||     1
 Stab: Sleeping          |     8 |     6 |       ||    14
  Eat: Chunk             |     1 |     5 |       ||     6
       Ration            |       |     1 |       ||     1
Armor: Skin              |     4 |    15 |       ||    19
Dodge: Dodged            |    19 |   100 |     1 ||   120
Block: Shield            |    29 |   118 |     2 ||   149
